AoeStats
← tapiatemo

Arabia

510240079Analyzed
1v1 RM · 1d ago on Sep 30, 2026· 44m 38s· 2 players
Game mode
Random Map
Map size
Tiny (2 player)
Population
200
Speed
Normal
Resources
Standard
Victory
Conquest
Starting age
Dark Age
Ending age
Imperial Age
RankedLock teamsTeams togetherTeam positionsShared explorationLock speedFull tech treeHidden civsTurbo modeCheats
Victory
Defeat
🇦🇺 Mongols · Australia
1174
+16
🇲🇽 Ethiopians · Mexico
1170
-16
tapiatemo
8:55 Loom
11:07 Feudal Age
17:26 Castle Age
33:57 Horse Collar
35:14 Fletching
37:28 Bodkin Arrow
38:59 Heavy Plow
38:48 Double-Bit Axe
40:07 Wheelbarrow
40:05 Scale Mail Armor
40:28 Bow Saw
40:57 Ballistics
40:42 Royal Heirs
40:55 Squires
41:39 Chain Mail Armor
42:48 Arson
mitchjones05
4:54 Loom
8:27 Feudal Age
12:30 Fletching
15:42 Double-Bit Axe
18:12 Wheelbarrow
17:23 Town Watch
17:23 Horse Collar
27:04 Castle Age
27:25 Crossbowman
29:11 Murder Holes
31:11 Bow Saw
34:49 Ballistics
38:58 Imperial Age
36:57 Bodkin Arrow
38:31 Padded Archer Armor
40:03 Conscription
39:47 Bracer
40:59 Chemistry
41:38 Leather Archer Armor
43:04 Arbalester
Connection lost

Rejoining the realm…

Still unreachable

The connection could not be restored.

Session expired

The server has moved on; the page needs a fresh start.